[Event "Titled Tuesday Blitz April 18 Early 2023"]
[White "Birkisson, Bardur Orn"]
[Black "Yeletsky, Ivan"]
[WhiteFideId "2310597"]
[BlackFideId "24180327"]
[WhiteElo "2062"]
[BlackElo "2422"]
[Result "0-1"]
[Round "03"]
[TimeControl "180+2"]
[Date "2023.04.18"]
[WhiteClock "0:00:04"]
[BlackClock "0:01:17"]

1. c4 Nf6 2. Nc3 e6 3. e4 d5 4. e5 Ne4 5. d3 Nxc3 6. bxc3 d4 7. Bb2 Nc6 8. Nf3 Bc5 9. Be2 O-O 10. O-O a5 11. a4 Ra6 12. Qd2 Rb6 13. cxd4 Nxd4 14. Bxd4 Bxd4 15. Nxd4 Qxd4 16. Qxa5 Rb2 17. Bf3 b6 18. Qa7 Rxf2 19. Rxf2 Qxa1+ 20. Rf1 Qxe5 21. Kh1 g6 22. h3 Bd7 23. Qb7 Bxa4 24. d4 Qxd4 25. Qxc7 Bb3 26. Rb1 Bxc4 27. Rb4 b5 28. Qc6 Kg7 29. Qe4 Qxe4 30. Bxe4 Rc8 31. Bc2 Bd5 32. Bd3 Rc3 33. Bxb5 Rxh3+ 34. Kg1 Rg3 35. Rb2 h5 36. Bf1 h4 37. Kf2 Ra3 38. Rd2 Kf6 39. Rd4 g5 40. Rd2 Ke5 41. Rb2 g4 42. Be2 g3+ 43. Kg1 Ra1+ 44. Bf1 Bc4 45. Rf2 gxf2+ 0-1


[Site "https://www.chess.com"]

[Event "Titled Tuesday Blitz April 18 Early 2023"]
[White "Koutlas, Nikolaos"]
[Black "Zakhartsov, Vladimir"]
[WhiteFideId "25827138"]
[BlackFideId "4145097"]
[WhiteElo "2215"]
[BlackElo "2497"]
[Result "0-1"]
[Round "03"]
[TimeControl "180+2"]
[Date "2023.04.18"]
[WhiteClock "0:00:39"]
[BlackClock "0:02:17"]

1. Nf3 g6 2. g3 Bg7 3. Bg2 e5 4. d3 d5 5. Nbd2 Ne7 6. c4 c6 7. cxd5 cxd5 8. e4 Nbc6 9. O-O O-O 10. a3 b6 11. b4 Ba6 12. exd5 Nxd5 13. Qb3 e4 14. dxe4 Bxf1 15. Nxf1 Bxa1 16. exd5 Nd4 17. Nxd4 Bxd4 18. Bh6 Re8 19. Ne3 Rc8 20. h4 Qf6 21. Ng4 Qf5 22. Bf3 Rc3 23. Qa4 Re1+ 24. Kh2 Qxf3 0-1


[Site "https://www.chess.com"]

[Event "Titled Tuesday Blitz April 18 Early 2023"]
[White "Tan, Ralph"]
[Black "Rustemov, Alexander"]
[WhiteFideId "30966590"]
[BlackFideId "4119002"]
[WhiteElo "2099"]
[BlackElo "2853"]
[Result "0-1"]
[Round "03"]
[TimeControl "180+2"]
[Date "2023.04.18"]
[WhiteClock "0:01:09"]
[BlackClock "0:01:05"]

1. Nf3 d5 2. g3 c6 3. Bg2 Bf5 4. O-O e6 5. d4 Nf6 6. c4 Nbd7 7. Nc3 Be7 8. b3 h6 9. Bb2 O-O 10. Nd2 Re8 11. e4 dxe4 12. Ndxe4 Qc7 13. Re1 Rad8 14. Qe2 Nxe4 15. Nxe4 Nf6 16. Rad1 Nxe4 17. Bxe4 Bxe4 18. Qxe4 Bf6 19. Rd2 Re7 20. Red1 Red7 21. h3 g6 22. c5 Rd5 23. Kg2 Qd7 24. Bc3 h5 25. h4 Qc7 26. a3 R8d7 27. b4 Qd8 28. Qe3 Bg7 29. a4 a6 30. Kh2 Kh7 31. Kg2 Bh6 32. Qf3 Bxd2 33. Rxd2 Rf5 34. Qe4 Re7 35. b5 axb5 36. axb5 cxb5 37. Rb2 Qd5 38. f3 Qc4 39. Be1 Rd7 40. Bf2 Rfd5 41. Qb1 Rxd4 42. Bxd4 Rxd4 43. Rxb5 Rd2+ 44. Kh3 Qe2 0-1


[Site "https://www.chess.com"]

[Event "Titled Tuesday Blitz April 18 Early 2023"]
[White "Belov, Alexei"]
[Black "Kravtsiv, Martyn"]
[WhiteFideId "4128206"]
[BlackFideId "14113147"]
[WhiteElo "2484"]
[BlackElo "2695"]
[Result "0-1"]
[Round "03"]
[TimeControl "180+2"]
[Date "2023.04.18"]
[WhiteClock "0:00:01"]
[BlackClock "0:00:30"]

1. e4 c6 2. d4 d5 3. Nd2 g6 4. Ngf3 Bg7 5. c3 Nh6 6. Bd3 O-O 7. O-O Nd7 8. Re1 f6 9. Nf1 Nf7 10. Ng3 e5 11. Qb3 exd4 12. cxd4 Nb6 13. e5 fxe5 14. Nxe5 Nxe5 15. dxe5 Be6 16. Ne4 Nd7 17. Ng5 Nc5 18. Qc3 Qe7 19. Nxe6 Nxe6 20. g3 c5 21. f4 Rac8 22. Bf1 Rfd8 23. Qa3 Nd4 24. Qd3 Nf5 25. Bg2 c4 26. Qd1 d4 27. b3 d3 28. Be4 c3 29. Bxd3 Qc5+ 30. Kf1 c2 31. Qf3 Qc3 32. Be4 Qxa1 0-1


[Site "https://www.chess.com"]

[Event "Titled Tuesday Blitz April 18 Early 2023"]
[White "Ashraf, Artin"]
[Black "Chernomordik, Pavel"]
[WhiteFideId "22514805"]
[BlackFideId "2804530"]
[WhiteElo "2188"]
[BlackElo "2193"]
[Result "1-0"]
[Round "03"]
[TimeControl "180+2"]
[Date "2023.04.18"]
[WhiteClock "0:00:02"]
[BlackClock "0:00:06"]

1. d4 g6 2. e4 Bg7 3. h4 h6 4. h5 g5 5. c3 d6 6. Ne2 Nf6 7. Ng3 e6 8. Bd3 Nbd7 9. Nd2 b6 10. Qe2 Bb7 11. a4 a6 12. Nc4 d5 13. exd5 Bxd5 14. Ne3 Bb7 15. Nef5 Kf8 16. Nxg7 Kxg7 17. O-O c5 18. f4 g4 19. f5 cxd4 20. fxe6 Nc5 21. Nf5+ Kg8 22. exf7+ Kf8 23. Bxh6+ Rxh6 24. Nxh6 dxc3 25. Bg6 Qd4+ 26. Kh1 Nce4 27. Nf5 Qd5 28. Qe3 Qd2 29. Qxd2 Nxd2 30. bxc3 Nxf1 31. Rxf1 Ne4 32. Kg1 Rc8 33. h6 Ng5 34. Nd6 Rc7 35. Re1 Bc6 36. Re8+ Bxe8 37. fxe8=Q# 1-0


[Site "https://www.chess.com"]

[Event "Titled Tuesday Blitz April 18 Early 2023"]
[White "Bettalli, Francesco"]
[Black "Harsh Suresh"]
[WhiteFideId "2816453"]
[BlackFideId "45018464"]
[WhiteElo "2216"]
[BlackElo "2227"]
[Result "0-1"]
[Round "03"]
[TimeControl "180+2"]
[Date "2023.04.18"]
[WhiteClock "0:02:18"]
[BlackClock "0:01:49"]

1. d4 Nf6 2. Nc3 g6 3. h4 d6 4. e3 Bg7 5. Bd3 h5 6. Nf3 Bg4 7. e4 Nbd7 8. Bg5 c5 9. d5 O-O 10. Qd2 Qb6 11. Na4 Qc7 12. Nc3 a6 13. a4 Rfb8 14. O-O Qa5 15. Nh2 Ne5 16. f4 Nxd3 17. Qxd3 Qb4 18. a5 b5 19. axb6 Qxb6 20. Ra2 c4+ 0-1


[Site "https://www.chess.com"]

[Event "Titled Tuesday Blitz April 18 Early 2023"]
[White "Galchenko, Matvey"]
[Black "Baches Garcia, Guillermo"]
[WhiteFideId "24175480"]
[BlackFideId "2209764"]
[WhiteElo "2423"]
[BlackElo "2480"]
[Result "1-0"]
[Round "03"]
[TimeControl "180+2"]
[Date "2023.04.18"]
[WhiteClock "0:00:06"]
[BlackClock "0:00:03"]

1. f4 d5 2. Nf3 g6 3. g3 Bg7 4. Bg2 Nh6 5. O-O O-O 6. d3 d4 7. c3 Nf5 8. e4 dxe3 9. Qe2 Nd7 10. d4 c5 11. dxc5 Nxc5 12. Bxe3 Qd3 13. Re1 Qxe2 14. Rxe2 Nxe3 15. Rxe3 Rd8 16. Na3 Be6 17. Nb5 Rd7 18. Ne5 Bxe5 19. Rxe5 Nd3 20. Rxe6 fxe6 21. Bh3 Kf7 22. Nd4 Rd6 23. Rb1 Nc5 24. Re1 a5 25. Re2 Raa6 26. Nf3 Kf6 27. Ne5 Nd3 28. Nc4 Rdc6 29. Ne3 a4 30. Ng4+ Kf7 31. Bf1 a3 32. b4 Rxc3 33. Re3 Rc2 34. Bxd3 Rxa2 35. Ne5+ Kf6 36. Bxa6 bxa6 37. Ng4+ Kf5 38. Nf2 Ra1+ 39. Kg2 a2 40. Ra3 Rb1 41. Rxa2 Rxb4 42. Rxa6 Rb6 43. Rxb6 1-0


[Site "https://www.chess.com"]

[Event "Titled Tuesday Blitz April 18 Early 2023"]
[White "Nagy, Gabor"]
[Black "Toncheva, Nadya"]
[WhiteFideId "737119"]
[BlackFideId "2924056"]
[WhiteElo "2514"]
[BlackElo "2101"]
[Result "1-0"]
[Round "03"]
[TimeControl "180+2"]
[Date "2023.04.18"]
[WhiteClock "0:00:23"]
[BlackClock "0:00:02"]

1. e4 c5 2. Nf3 e6 3. Nc3 Nc6 4. d4 cxd4 5. Nxd4 Qc7 6. Be3 a6 7. a3 Nf6 8. f4 Nxd4 9. Qxd4 d6 10. O-O-O Be7 11. Be2 O-O 12. Kb1 e5 13. Qd2 exf4 14. Bxf4 Re8 15. g4 Be6 16. g5 Nd7 17. h4 Ne5 18. h5 Rac8 19. g6 fxg6 20. Bxe5 dxe5 21. hxg6 h6 22. Nd5 Bxd5 23. Qxd5+ Kh8 24. Qf7 Bg5 25. Rd7 Qxc2+ 26. Ka2 Rg8 27. Bd3 Qg2 28. Rf1 Be3 29. Qf3 Qxf3 30. Rxf3 Bf4 31. Rxb7 a5 32. Bb5 Rb8 33. Rxb8 Rxb8 34. a4 Rb6 35. Be8 Rb8 36. Bf7 Rb4 37. Rc3 Rb8 38. b3 Bd2 39. Rd3 Bf4 40. Kb1 Bg5 41. Kc2 h5 42. Kd1 h4 43. Ke2 Rd8 44. Rc3 Bf4 45. Kf3 h3 46. Kg4 h2 47. Rh3+ Bh6 48. Rxh2 Rd2 49. Rh3 Rg2+ 50. Kf5 Rg5+ 51. Ke6 Rh5 52. Rc3 1-0


[Site "https://www.chess.com"]

[Event "Titled Tuesday Blitz April 18 Early 2023"]
[White "Ciorgovean, Iustin"]
[Black "Molina, Roberto Junio Brito"]
[WhiteFideId "1242911"]
[BlackFideId "2109450"]
[WhiteElo "2186"]
[BlackElo "2376"]
[Result "1/2-1/2"]
[Round "03"]
[TimeControl "180+2"]
[Date "2023.04.18"]
[WhiteClock "0:00:09"]
[BlackClock "0:00:07"]

1. d4 c6 2. Bf4 d5 3. e3 Qb6 4. Qc1 c5 5. Nf3 Nf6 6. Nbd2 Nc6 7. dxc5 Qxc5 8. a3 Bf5 9. c4 Qb6 10. Be2 e6 11. O-O Be7 12. b4 O-O 13. c5 Qd8 14. h3 h6 15. Nd4 Nxd4 16. exd4 Ne4 17. Nxe4 Bxe4 18. b5 Bf6 19. Qc3 Rc8 20. Rfd1 g5 21. Bh2 Bg7 22. a4 Re8 23. Rac1 Bg6 24. Bd3 f5 25. Re1 Bf7 26. Be5 Bf8 27. Qd2 Bg7 28. Bxg7 Kxg7 29. Re5 Qf6 30. Rce1 Red8 31. f4 Rg8 32. Kh2 Kh8 33. Qf2 Rg7 34. R1e3 Rcg8 35. g3 h5 36. fxg5 Qxg5 37. h4 Qg4 38. Rf3 Qg6 39. Ree3 Qf6 40. Rf4 Rg4 41. Ref3 Kg7 42. Rxg4+ hxg4 43. Rf4 Qh6 44. Kg1 Kf8 45. Qe3 Qf6 46. Rf2 Ke7 47. Re2 Rh8 48. Qf4 Kf8 49. Qd6+ Qe7 50. Qb8+ Kg7 51. Qe5+ Qf6 52. Kf2 Qxe5 53. Rxe5 Kf6 54. Ke3 Rc8 55. Kf4 Ra8 56. Re2 Rb8 57. Rb2 Rc8 58. a5 Rb8 59. Be2 Be8 60. Ra2 a6 61. b6 Bc6 62. Rc2 Rh8 63. Rd2 Rh7 64. Bd3 Rh6 65. Re2 Rh5 66. Re5 Bd7 67. Bc2 Bb5 68. Bb3 Bc6 69. Re2 Rh6 70. Ra2 Rh7 71. Ba4 Bxa4 72. Rxa4 Rh8 73. Ra2 Rc8 74. Rc2 Rc6 75. Rc3 Ke7 76. Ke5 Kd7 77. h5 Rc8 78. c6+ bxc6 79. h6 Rh8 80. Rb3 Kc8 81. Kxe6 Rxh6+ 82. Kxf5 Kb7 83. Kxg4 Re6 84. Kf5 Re4 85. Rb4 c5 86. Rb3 Rxd4 87. g4 c4 88. Rc3 Kc6 89. g5 Rd1 90. Rg3 Rf1+ 91. Ke6 d4 92. g6 Rf8 93. Ke7 Rb8 94. g7 c3 95. g8=Q Rxg8 96. Rxg8 Kb7 97. Kd7 c2 98. Rc8 d3 99. Rc7+ Kb8 100. b7 d2 101. Rc8+ Kxb7 102. Rc7+ Kb8 103. Rc8+ Kb7 104. Rc7+ Kb8 105. Rc8+ Kb7 1/2-1/2


[Site "https://www.chess.com"]

[Event "Titled Tuesday Blitz April 18 Early 2023"]
[White "Principe, Gerson"]
[Black "Wagner, Dennis"]
[WhiteFideId "3804550"]
[BlackFideId "24650684"]
[WhiteElo "2229"]
[BlackElo "2470"]
[Result "0-1"]
[Round "03"]
[TimeControl "180+2"]
[Date "2023.04.18"]
[WhiteClock "0:00:43"]
[BlackClock "0:00:44"]

1. d4 Nf6 2. Nf3 d5 3. c4 e6 4. Nc3 Nbd7 5. cxd5 exd5 6. Bg5 c6 7. e3 Be7 8. Bd3 h6 9. Bh4 O-O 10. O-O Re8 11. Qc2 Ne4 12. Bxe7 Qxe7 13. Bxe4 dxe4 14. Nd2 Nf6 15. Rab1 Bf5 16. b4 Rac8 17. Rfc1 h5 18. Nf1 h4 19. h3 Qe6 20. Nh2 g5 21. Na4 b6 22. Qb3 Kg7 23. Qxe6 Bxe6 24. Rc2 Nd5 25. a3 f5 26. Nc3 Nxc3 27. Rxc3 Bd5 28. Rbc1 Ra8 29. a4 a5 30. Rb1 axb4 31. Rxb4 Ra6 32. f3 Rea8 33. fxe4 Bxe4 34. Nf3 Rxa4 35. Rxa4 Rxa4 36. Nxg5 Ra1+ 37. Kh2 Bd5 38. Rc2 b5 39. Nf3 b4 40. Rb2 b3 41. Nd2 Ra2 0-1


[Site "https://www.chess.com"]

[Event "Titled Tuesday Blitz April 18 Early 2023"]
[White "Djordjevic, Vuk"]
[Black "Rom, Jasper"]
[WhiteFideId "902098"]
[BlackFideId "2023733"]
[WhiteElo "2452"]
[BlackElo "2233"]
[Result "1-0"]
[Round "03"]
[TimeControl "180+2"]
[Date "2023.04.18"]
[WhiteClock "0:00:38"]
[BlackClock "0:00:01"]

1. d4 d5 2. Bf4 Nf6 3. e3 e6 4. Nd2 c5 5. c3 Qb6 6. Qb3 c4 7. Qxb6 axb6 8. a3 b5 9. O-O-O b6 10. h3 Bb7 11. g4 Ne4 12. Nxe4 dxe4 13. Bg2 Bd5 14. Ne2 f5 15. gxf5 exf5 16. Ng3 g6 17. h4 Rg8 18. h5 Nc6 19. hxg6 hxg6 20. Rh7 Ra7 21. Rdh1 Rgg7 22. Rh8 Rg8 23. Rxg8 Bxg8 24. Rh8 Kf7 25. f3 Kg7 26. Rh1 exf3 27. Bxf3 Ne7 28. Be5+ Kf7 29. e4 Bg7 30. Bf4 fxe4 31. Nxe4 Nf5 32. Ng5+ Kf8 33. Bc6 b4 34. axb4 Ra1+ 35. Kc2 Rxh1 36. Bxh1 Bf6 37. Ne4 Be7 38. Nd2 1-0


[Site "https://www.chess.com"]

[Event "Titled Tuesday Blitz April 18 Early 2023"]
[White "Coenen, Michael"]
[Black "Prohaszka, Peter"]
[WhiteFideId "4697367"]
[BlackFideId "726265"]
[WhiteElo "2328"]
[BlackElo "2626"]
[Result "0-1"]
[Round "03"]
[TimeControl "180+2"]
[Date "2023.04.18"]
[WhiteClock "0:01:32"]
[BlackClock "0:01:49"]

1. e4 c6 2. d4 d5 3. exd5 cxd5 4. Bd3 Nf6 5. h3 Nc6 6. c3 g6 7. Nf3 Bf5 8. O-O e6 9. Bb5 Bd6 10. Bh6 Rg8 11. Nbd2 Ne4 12. Be3 h5 13. Qe2 g5 14. Ne5 Bxe5 15. dxe5 g4 16. hxg4 hxg4 17. g3 Nxd2 18. Bxd2 Be4 19. Bd3 Bf3 0-1


[Site "https://www.chess.com"]

[Event "Titled Tuesday Blitz April 18 Early 2023"]
[White "Bilych, Olexiy"]
[Black "Kielinkei"]
[WhiteFideId "14156504"]
[WhiteElo "2320"]
[BlackElo "2472"]
[Result "1-0"]
[Round "03"]
[TimeControl "180+2"]
[Date "2023.04.18"]
[WhiteClock "0:00:16"]
[BlackClock "0:00:02"]

1. d4 d5 2. c4 e6 3. Nf3 c6 4. Nc3 dxc4 5. e3 b5 6. a4 Bb4 7. Bd2 a5 8. axb5 Bxc3 9. Bxc3 cxb5 10. b3 Bb7 11. bxc4 b4 12. Bb2 Nd7 13. Bd3 Ngf6 14. O-O Ne4 15. Qc2 Ndf6 16. Ne5 O-O 17. f3 Nd6 18. c5 Rc8 19. Qa4 Nf5 20. Rfe1 Ra8 21. Rad1 Qc7 22. e4 Ne7 23. Bb5 Rfd8 24. Nc4 Bc6 25. Nd6 Bxb5 26. Qxb5 Rdb8 27. Qa4 Ne8 28. Nc4 Ra7 29. Ra1 Nf6 30. g3 Nc6 31. Rad1 Rd8 32. Nd6 Raa8 33. Kg2 Ne7 34. Nc4 Nc6 35. Nb6 Rab8 36. d5 exd5 37. exd5 Na7 38. Qxa5 Nxd5 39. Be5 Qb7 40. Bxb8 Nc6 41. Nxd5 Nxa5 42. Ne7+ 1-0


[Site "https://www.chess.com"]

[Event "Titled Tuesday Blitz April 18 Early 2023"]
[White "Chernov, Mikhail"]
[Black "Chor, Kevin"]
[WhiteFideId "24143170"]
[BlackFideId "2090740"]
[WhiteElo "2113"]
[BlackElo "2692"]
[Result "1-0"]
[Round "03"]
[TimeControl "180+2"]
[Date "2023.04.18"]
[WhiteClock "0:00:06"]
[BlackClock "0:00:09"]

1. d4 Nf6 2. Nc3 d5 3. Bf4 c5 4. e3 e6 5. Nb5 Na6 6. c3 Be7 7. a4 O-O 8. Bd3 Bd7 9. Nf3 Bxb5 10. axb5 Nc7 11. h4 c4 12. Bc2 Nxb5 13. g4 Nd6 14. Ng5 h6 15. Nh3 Nfe4 16. g5 Nf5 17. gxh6 g6 18. Bxe4 dxe4 19. h5 g5 20. Qg4 Nxh6 21. Qg2 f6 22. Qxe4 Qe8 23. Qxe6+ Kg7 24. Rg1 Qf7 25. Qxf7+ Kxf7 26. Bh2 b5 27. Ra6 Nf5 28. Ke2 Rh8 29. e4 Rxh5 30. exf5 Rxh3 31. Bg3 b4 32. Kf3 Rhh8 33. Re1 Rhc8 34. Ree6 bxc3 35. bxc3 Bd8 36. Ke4 Bb6 37. d5 Re8 38. f3 Rac8 39. f4 g4 40. Bh4 Rxe6+ 41. fxe6+ Ke7 42. Kf5 Rf8 43. Ra4 Kd6 44. Rxc4 Kxd5 45. Re4 Bc5 46. Re1 Rg8 47. Rd1+ Kc6 48. Bxf6 g3 49. Bd4 Bxd4 50. cxd4 g2 51. d5+ Kd6 52. Rg1 Kxd5 53. Kf6 Re8 54. e7 a5 55. Rxg2 a4 56. Kf7 1-0


[Site "https://www.chess.com"]

[Event "Titled Tuesday Blitz April 18 Early 2023"]
[White "Dehtiarov, Roman"]
[Black "Jumanov, Elbek"]
[WhiteFideId "14186640"]
[BlackFideId "14202905"]
[WhiteElo "2189"]
[BlackElo "2055"]
[Result "1-0"]
[Round "03"]
[TimeControl "180+2"]
[Date "2023.04.18"]
[WhiteClock "0:00:12"]
[BlackClock "0:00:02"]

1. c4 c5 2. g3 g6 3. Bg2 Nc6 4. Nc3 Bg7 5. Nf3 Nf6 6. d4 cxd4 7. Nxd4 O-O 8. O-O d6 9. Nc2 Be6 10. b3 Qd7 11. Bb2 Bh3 12. Qd2 Rac8 13. Rad1 Bxg2 14. Kxg2 Ne4 15. Nxe4 Bxb2 16. Ne3 Bg7 17. Nc5 Qc7 18. Nd5 Qd8 19. Nxb7 Qd7 20. Nc5 Qf5 21. e4 Qh5 22. Nd3 Rfe8 23. N5f4 Qg4 24. f3 Qd7 25. Nb4 Ne5 26. Nbd5 Qb7 27. Nd3 Nc6 28. h4 h5 29. N3b4 Nd4 30. Nc2 Ne6 31. Qe3 a5 32. f4 Nc5 33. f5 e6 34. fxg6 fxg6 35. Nf6+ Bxf6 36. Rxf6 Nxe4 37. Rxg6+ Kf7 38. Qh6 Rg8 39. Qh7+ Kf8 40. Rxg8# 1-0


[Site "https://www.chess.com"]

[Event "Titled Tuesday Blitz April 18 Early 2023"]
[White "Bocharov, Dmitry"]
[Black "Kubatko, Ivan"]
[WhiteFideId "4138716"]
[BlackFideId "24111473"]
[WhiteElo "2469"]
[BlackElo "2285"]
[Result "1-0"]
[Round "03"]
[TimeControl "180+2"]
[Date "2023.04.18"]
[WhiteClock "0:00:19"]
[BlackClock "0:00:02"]

1. c4 e6 2. g3 d5 3. Bg2 c5 4. Nf3 Nf6 5. O-O Nc6 6. cxd5 exd5 7. d4 Be7 8. Nc3 O-O 9. dxc5 Bxc5 10. Na4 Be7 11. Be3 Bg4 12. Nd4 Qd7 13. Nc3 Ne5 14. Qb3 Nc4 15. Bf4 Bh3 16. Rad1 Rfd8 17. Rd3 Rac8 18. Rfd1 Bxg2 19. Kxg2 Qg4 20. Nf3 Nb6 21. Be3 Nh5 22. Nxd5 Nxd5 23. Rxd5 Re8 24. Ne5 Qe6 25. Nxf7 Kxf7 26. Rxh5 Qxb3 27. axb3 Rc2 28. Rb5 b6 29. Ra1 Ra8 30. Bxb6 a6 31. Rf5+ Ke6 32. Rf3 Rxe2 33. Bd4 g6 34. Ra5 Rc2 35. Bc3 Bd6 36. Re3+ Kd7 37. Rd5 Kc6 38. Rdd3 Rd8 39. Re6 Rd7 40. Be5 Kb5 41. Rexd6 Rf7 42. Bf4 g5 43. Be3 g4 44. R3d5+ Kb4 45. Rb6# 1-0


[Site "https://www.chess.com"]

[Event "Titled Tuesday Blitz April 18 Early 2023"]
[White "polandchessplayer"]
[Black "Kovalevsky, Stanislav"]
[BlackFideId "13508598"]
[WhiteElo "2673"]
[BlackElo "2174"]
[Result "0-1"]
[Round "03"]
[TimeControl "180+2"]
[Date "2023.04.18"]
[WhiteClock "0:00:33"]
[BlackClock "0:00:18"]

1. c4 e6 2. Nf3 d5 3. g3 Nf6 4. Bg2 Nbd7 5. d4 c6 6. O-O a6 7. Nbd2 Bd6 8. b3 O-O 9. Bb2 Ne4 10. Ne1 f5 11. Nd3 Qg5 12. e3 Ndf6 13. Qe2 Ng4 14. Rae1 a5 15. Nf4 Qh6 16. h3 Ngf6 17. c5 Bc7 18. Nxe4 Nxe4 19. Nd3 a4 20. b4 g5 21. a3 Bd7 22. Ne5 Be8 23. Bxe4 fxe4 24. Kg2 Bxe5 25. dxe5 Bh5 26. g4 Bg6 27. Rh1 Rf3 28. Ref1 Raf8 29. Bd4 Qh4 30. Rh2 h5 31. Kh1 Rxh3 32. f4 exf3 33. Qf2 Rxh2+ 34. Qxh2 Qxg4 35. Rg1 f2 36. Rf1 Be4+ 0-1


[Site "https://www.chess.com"]

[Event "Titled Tuesday Blitz April 18 Early 2023"]
[White "Golubev, Mikhail"]
[Black "Skvortsov, Andrei"]
[WhiteFideId "14100983"]
[BlackFideId "24108600"]
[WhiteElo "2374"]
[BlackElo "2259"]
[Result "0-1"]
[Round "03"]
[TimeControl "180+2"]
[Date "2023.04.18"]
[WhiteClock "0:00:01"]
[BlackClock "0:00:56"]

1. e4 e5 2. Nf3 Nf6 3. Nc3 Nc6 4. d4 exd4 5. Nxd4 Bb4 6. Nxc6 bxc6 7. Bd3 d5 8. Bd2 O-O 9. O-O Bxc3 10. Bxc3 dxe4 11. Bc4 Nd5 12. Bxd5 cxd5 13. Qd4 f6 14. Rfd1 Be6 15. a4 Re8 16. a5 a6 17. Bb4 Qb8 18. Ra3 c6 19. Rg3 Bf7 20. Bc3 Qf4 21. Re1 Bg6 22. Qc5 Re6 23. Ree3 Qb8 24. b3 Qb5 25. Qxb5 axb5 26. Bb4 f5 27. Rc3 d4 28. Rc5 f4 29. Rgg5 e3 30. fxe3 fxe3 0-1


[Site "https://www.chess.com"]

[Event "Titled Tuesday Blitz April 18 Early 2023"]
[White "Di Nicolantonio, Lucas"]
[Black "b_6"]
[WhiteFideId "680460"]
[WhiteElo "2358"]
[BlackElo "2459"]
[Result "0-1"]
[Round "03"]
[TimeControl "180+2"]
[Date "2023.04.18"]
[WhiteClock "0:00:10"]
[BlackClock "0:00:35"]

1. Nf3 Nf6 2. c4 g6 3. Nc3 Bg7 4. g3 O-O 5. Bg2 c5 6. O-O d5 7. cxd5 Nxd5 8. Nxd5 Qxd5 9. d4 cxd4 10. Be3 Nc6 11. Nxd4 Qc4 12. Rc1 Qxa2 13. Nxc6 bxc6 14. Bxc6 Rb8 15. Ra1 Qxb2 16. Rxa7 Bh3 17. Bg2 Bxg2 18. Kxg2 Rb7 19. Ra4 Qb3 20. Qxb3 Rxb3 21. Ra7 Bf6 22. Bc5 Re8 23. Rd1 Rc3 24. Ba3 Rc2 25. e3 Ra2 26. Rdd7 Kf8 27. h4 Rc2 28. Bd6 Rc6 29. Bb4 h5 30. Kh3 Re6 31. Bc5 Rc6 32. Bd4 Bxd4 33. exd4 Rf6 34. f4 Rf5 35. d5 Rf6 36. Kg2 Rf5 37. Kf3 Rf6 38. Ke4 Rd6 39. Rxd6 exd6+ 40. Kd4 Rb8 41. Rd7 Rb6 42. f5 Kg7 43. Ke4 Rb4+ 44. Kf3 Rb6 45. Kf4 Kf6 46. fxg6 fxg6 47. Kf3 Rb3+ 48. Ke4 Rb4+ 49. Kf3 Ke5 50. Rg7 Rg4 51. Re7+ Kxd5 52. Re1 Rd4 53. Re7 Rg4 54. Re1 Kc6 55. Re6 Kd7 56. Rf6 Ke7 57. Rf4 Rxf4+ 58. Kxf4 Kf6 59. Ke4 Ke6 60. Kd4 d5 61. Kc5 Ke5 0-1


[Site "https://www.chess.com"]

[Event "Titled Tuesday Blitz April 18 Early 2023"]
[White "Skliarov, Viktor"]
[Black "Estrada Nieto, Julian"]
[WhiteFideId "14106736"]
[BlackFideId "5101018"]
[WhiteElo "2317"]
[BlackElo "2161"]
[Result "1-0"]
[Round "03"]
[TimeControl "180+2"]
[Date "2023.04.18"]
[WhiteClock "0:00:07"]
[BlackClock "0:00:07"]

1. e4 e5 2. Nc3 Nf6 3. Bc4 Bc5 4. d3 Nc6 5. a3 a6 6. h3 d6 7. Nge2 Be6 8. Nd5 h6 9. Ng3 Bxd5 10. exd5 Ne7 11. Qf3 Qd7 12. O-O c6 13. dxc6 bxc6 14. b4 Bd4 15. Rb1 d5 16. Bb3 Qd6 17. c4 O-O 18. Be3 Rae8 19. Bxd4 exd4 20. c5 Qd7 21. Rbe1 Ng6 22. Nh5 Nxh5 23. Qxh5 Nf4 24. Qf3 Qf5 25. Bc2 Ne2+ 26. Kh2 Qxf3 27. gxf3 Nf4 28. Ba4 Nxd3 29. Rxe8 Rxe8 30. Bxc6 Re2 31. Bxd5 Nxf2 32. Kg3 Nd3 33. Bc4 Re3 34. c6 Nb2 35. c7 Re8 36. Bxa6 d3 37. c8=Q Rxc8 38. Bxc8 d2 39. b5 d1=Q 40. Rxd1 Nxd1 41. b6 Nc3 42. b7 g6 43. b8=Q Kh7 44. Qe5 Nd1 45. Qf6 Kg8 46. Qd8+ 1-0


[Site "https://www.chess.com"]

[Event "Titled Tuesday Blitz April 18 Early 2023"]
[White "HamedWafa4"]
[Black "Perez Gormaz, Matias"]
[BlackFideId "3406342"]
[WhiteElo "2454"]
[BlackElo "2362"]
[Result "1-0"]
[Round "03"]
[TimeControl "180+2"]
[Date "2023.04.18"]
[WhiteClock "0:00:15"]
[BlackClock "0:00:02"]

1. e4 c5 2. Nf3 e6 3. d4 cxd4 4. Nxd4 a6 5. c4 Nf6 6. Nc3 Bb4 7. Bd3 Nc6 8. Nc2 Bc5 9. Be3 b6 10. O-O Qc7 11. Bxc5 bxc5 12. f4 d6 13. Qe2 O-O 14. Rae1 Nd7 15. Qh5 Rb8 16. Re3 Ne7 17. e5 g6 18. Qh6 f5 19. exf6 Nxf6 20. Qh4 Rxb2 21. Rfe1 Rf7 22. Nd1 Rxa2 23. Nf2 Nf5 24. Bxf5 exf5 25. R3e2 Bb7 26. Ne3 Rxe2 27. Rxe2 Ne4 28. Nxe4 Bxe4 29. Nd5 Bxd5 30. cxd5 Qc8 31. h3 Qf8 32. Qe1 Kg7 33. Re8 h6 34. Qa1+ Kg8 35. Rxf8+ Rxf8 36. Qxa6 Re8 37. Qxd6 1-0


[Site "https://www.chess.com"]

[Event "Titled Tuesday Blitz April 18 Early 2023"]
[White "Khandelwal, Ankush"]
[Black "Toropov, Pavel"]
[WhiteFideId "413470"]
[BlackFideId "24129178"]
[WhiteElo "2263"]
[BlackElo "2182"]
[Result "0-1"]
[Round "03"]
[TimeControl "180+2"]
[Date "2023.04.18"]
[WhiteClock "0:00:25"]
[BlackClock "0:01:55"]

1. e4 e6 2. d4 d5 3. Nc3 dxe4 4. Nxe4 Nd7 5. Nf3 Ngf6 6. Nxf6+ Nxf6 7. c3 b6 8. Bb5+ Bd7 9. Bd3 Bc6 10. O-O Bd6 11. Re1 O-O 12. Ne5 Bb7 13. Bg5 Be7 14. Re3 g6 15. h4 Nd5 16. Bxe7 Qxe7 17. Rg3 Qxh4 18. Qf3 Qf4 19. Qh5 Qxg3 0-1


[Site "https://www.chess.com"]

[Event "Titled Tuesday Blitz April 18 Early 2023"]
[White "Stepanencu, Nicodim-Cosmin"]
[Black "Jain Kashish Manoj"]
[WhiteFideId "1256220"]
[BlackFideId "35081098"]
[WhiteElo "2185"]
[BlackElo "2191"]
[Result "1-0"]
[Round "03"]
[TimeControl "180+2"]
[Date "2023.04.18"]
[WhiteClock "0:00:26"]
[BlackClock "0:00:15"]

1. Nf3 b6 2. e4 Bb7 3. Nc3 c5 4. d4 cxd4 5. Nxd4 Nc6 6. Nxc6 Bxc6 7. Bc4 e6 8. O-O Ne7 9. Qe2 Ng6 10. Nd5 Bd6 11. Rd1 Qb8 12. g3 O-O 13. Nc3 Bc5 14. Be3 Bxe3 15. Qxe3 b5 16. Bf1 b4 17. Ne2 Ne5 18. Nd4 Bb7 19. Bg2 Rc8 20. Rac1 a5 21. Nb5 Nc4 22. Qd4 Bc6 23. Qxc4 Bxb5 24. Qd4 Bc6 25. Rd2 Qb7 26. c4 f5 27. Re1 Rf8 28. f4 fxe4 29. Bxe4 Bxe4 30. Qxe4 Qc7 31. Red1 Rf7 32. Qxa8+ 1-0


[Site "https://www.chess.com"]